 Dungeon Crawl Stone Soup version 0.17-a0-1571-g3ed2ab2 (webtiles) character file.

200 Chiseanne the Skirmisher (level 5, -2/41 HPs)
             Began as a Demonspawn Wanderer on July 24, 2015.
             Slain by Duvessa
             ... wielding a +0 short sword
              (10 damage)
             ... on level 4 of the Dungeon.
             The game lasted 00:08:44 (3851 turns).

Chiseanne the Skirmisher (Demonspawn Wanderer)      Turns: 3851, Time: 00:08:44

Health: -2/41      AC:  4    Str: 12    XL:     5   Next: 49%
Magic:  8/8        EV: 12    Int: 14    God:
Gold:   154        SH:  0    Dex: 13    Spells: 1 memorised, 7 levels left

rFire  + . .     SeeInvis .     a - +4 spear
rCold  + . .     Clarity  .     l - +0 leather armour
rNeg   + . .     SustAt   .     (no shield)
rPois  +         Gourm    .     (no helmet)
rElec  +         Spirit   .     (no cloak)
rCorr  +         Warding  +     (no gloves)
rMut   .         Stasis   .     u - +0 pair of boots
MR     +....                    k - amulet of warding
Stlth  ++........               (no ring)
                                i - ring of protection from magic

@: resistant, somewhat resistant to hostile enchantments, unstealthy
A: claws 1, demonic guardian 1
a: no special abilities


You were on level 4 of the Dungeon.
You were not hungry.

You visited 1 branch of the dungeon, and saw 4 of its levels.

You collected 154 gold pieces.

Inventory:

Hand weapons
 a - a +4 spear (weapon)
 w - a +0 blowgun
Missiles
 t - 31 poisoned needles
 A - 4 steel tomahawks (quivered)
 B - 8 tomahawks
Armour
 l - a +0 leather armour (worn)
 u - a +0 pair of boots (worn)
Jewellery
 i - a ring of protection from magic (left claw)
 k - an amulet of warding (around neck)
 v - an uncursed amulet of rage {unknown}
 y - an uncursed ring of wizardry {unknown}
Scrolls
 c - 2 scrolls of teleportation
 g - 2 scrolls of fog
 o - 3 scrolls of immolation
 q - a scroll of recharging
Potions
 p - a potion of haste {unknown}
 r - a potion of lignification {unknown}
 s - a potion of poison {unknown}
Books
 b - the Collected Works on Shape Shifting

   Spells                             Type                      Level
   a - Beastly Appendage              Transmutation                1
   b - Passwall                       Transmutation/Earth          3
Comestibles
 d - 3 fruits
 f - 3 bread rations
 h - a beef jerky
 j - a meat ration
 m - a slice of pizza


   Skills:
 * Level 3.0 Fighting
 - Level 1.7 Polearms
 - Level 1.0 Throwing
 * Level 2.2 Armour
 + Level 2.0 Dodging
 - Level 2.6 Stealth
 * Level 2.0 Spellcasting
 - Level 1.7 Transmutations
   Level 1.0 Poison Magic


You had 7 spell levels left.
You knew the following spells:

 Your Spells              Type           Power        Failure   Level  Hunger
a - Beastly Appendage     Trmt           #.....       17%         1    ##.....


Dungeon Overview and Level Annotations

Branches:
Dungeon (4/15)
 Temple: D:4-7

Altars:
Nemelex Xobeh
Okawaru

Annotations:
D:4 Dowan, Duvessa


Innate Abilities, Weirdness & Mutations

You have sharp fingernails.
A weak demonic guardian rushes to your aid.


Message History

Your crimson imp hits Duvessa but does no damage.
You barely miss Duvessa.
Duvessa is heavily wounded.
Duvessa closely misses you.
Your crimson imp barely misses Duvessa.
Drink which item? (? for menu, Esc to quit)
You can't drink that!
Drink which item? (? for menu, Esc to quit)
It was a potion of resistance.
You feel protected. Duvessa hits you with a short sword.
* * * LOW HITPOINT WARNING * * *
Your crimson imp hits Duvessa but does no damage.
You hit Duvessa.
Duvessa is severely wounded.
Duvessa closely misses you.
Your crimson imp blinks!
You hit Duvessa but do no damage.
Duvessa is severely wounded.
Duvessa hits you with a short sword!
You die...

########
#......#
######.....†#
...(#.....<#
#..###..##
#5@e§..#
#.....####.).$#
##... #§.#.....
##. #..###..# #
#... |. .#..# .
..... . ....


You could see Duvessa and a friendly iron imp.

Vanquished Creatures
  An orc priest (D:3)
  3 adders
  6 worms
  3 orcs (D:3)
  13 bats
  13 hobgoblins
  3 jackals (D:2)
  6 kobolds
  A quokka (D:2)
  2 ball pythons
  2 giant cockroaches
  2 giant geckos (D:2)
  3 giant newts
  7 goblins
  16 rats
81 creatures vanquished.

Vanquished Creatures (collateral kills)
  An ogre (D:4)
  A rat (D:4)
2 creatures vanquished.

Grand Total: 83 creatures vanquished

Notes
Turn   | Place    | Note
--------------------------------------------------------------
     0 | D:1      | Chiseanne the Demonspawn Wanderer began the quest for the Orb.
     0 | D:1      | Chiseanne set off with: a +2 spear, the Collected Works on Shape Shifting, a scroll of teleportation, a +0 robe, a +0 dagger, a bread ration
     0 | D:1      | Reached XP level 1. HP: 15/15 MP: 1/1
     1 | D:1      | Identified the Collected Works on Shape Shifting
   290 | D:1      | Gained mutation: A weak demonic guardian rushes to your aid. [demonic ancestry]
   290 | D:1      | Reached XP level 2. HP: 19/21 MP: 2/2
   366 | D:1      | Learned a level 1 spell: Beastly Appendage
   464 | D:1      | Reached skill level 1 in Dodging
  1218 | D:2      | Reached XP level 3. HP: 20/27 MP: 4/4
  1419 | D:2      | Reached skill level 1 in Spellcasting
  1626 | D:2      | Reached skill level 1 in Armour
  2333 | D:2      | Gained mutation: You have sharp fingernails. [demonic ancestry]
  2333 | D:2      | Reached XP level 4. HP: 31/34 MP: 5/5
  2751 | D:3      | Found an iron altar of Okawaru.
  3120 | D:3      | Reached XP level 5. HP: 39/39 MP: 7/7
  3322 | D:3      | Found a sparkling altar of Nemelex Xobeh.
  3646 | D:4      | Noticed Dowan
  3820 | D:4      | Noticed an ogre
  3821 | D:4      | Noticed Duvessa
  3828 | D:4      | Killed an ogre
  3828 | D:4      | Reached skill level 3 in Fighting
  3851 | D:4      | Slain by Duvessa

Vault maps used:
D:1:      minmay_arrival_four_circles
D:3:      lemuel_doored_altar, lemuel_round_altar, first_bread,
          kennysheep_generic_room_16
D:4:      nicolae_dithmenos_through_a_glass_darkly, uniq_duvessa

Action                   |  1- 3 |  4- 6 || total
-------------------------+-------+-------++-------
Melee: Spear             |   125 |   108 ||   233
 Fire: Blowgun           |       |     4 ||     4
 Cast: Beastly Appendage |       |     1 ||     1
  Use: Scroll            |     5 |     4 ||     9
       Potion            |       |     1 ||     1
 Stab: Sleeping          |     6 |     2 ||     8
  Eat: Chunk             |     4 |     5 ||     9
